 Dungeon Crawl Stone Soup version 0.28-a0-32-g8dfe7f97f6 (webtiles) character file.

Game seed: 1829535828638309256

593 dracfodder the Chopper (level 7, -2/39 HPs)
             Began as a Gargoyle Berserker on July 27, 2021.
             Was a Priest of Trog.
             Slain by an orc warrior (8 damage)
             ... on level 4 of the Dungeon.
             The game lasted 00:17:38 (4186 turns).

dracfodder the Chopper (Gargoyle Berserker)         Turns: 4186, Time: 00:17:39

Health: -2/39      AC: 19    Str: 23    XL:     7   Next: 39%
Magic:  7/7        EV:  8    Int:  7    God:    Trog [***...]
Gold:   190        SH:  0    Dex:  9    Spells: 6/6 levels left

rFire   . . .      SeeInvis .   o - +0 halberd
rCold   . . .      Faith    .   (shield currently unavailable)
rNeg    + . .      Spirit   .   q - +0 chain mail
rPois   ∞          Reflect  .   g - +0 helmet
rElec   +          Harm     .   (no cloak)
rCorr   .          Rampage  .   (no gloves)
Will    .....                   (no boots)
Stlth   ..........              (no amulet)
HPRegen 0.13/turn               h - ring of flight
MPRegen 0.10/turn               k - +4 ring of protection

@: flying
A: sickness immunity, AC +4, negative energy resistance 1, electricity
resistance, torment resistance 1, petrification resistance, frail 1, sense
surroundings 1
a: Renounce Religion, Berserk, Trog's Hand


You were on level 4 of the Dungeon.
You worshipped Trog.
Trog was most pleased with you.
You visited 1 branch of the dungeon, and saw 5 of its levels.

You collected 190 gold pieces.

Inventory:

Hand Weapons
 a - a +0 hand axe
 b - a +0 hunting sling
 o - a +0 halberd (weapon)
Missiles
 e - 113 stones
 f - 41 poisoned darts (quivered)
 n - 21 sling bullets
 p - 21 bolts
 s - 10 arrows
Armour
 g - a +0 helmet (worn)
 q - a +0 chain mail (worn)
Jewellery
 d - a ring of protection from cold
 h - a ring of flight (left hand)
 k - a +4 ring of protection (right hand)
 m - a ring of protection from fire
Wands
 j - a wand of paralysis (7)
 t - a wand of acid (7)
Scrolls
 c - 2 scrolls of fog
 i - a scroll of blinking
 l - 3 scrolls of identify {unknown}
Potions
 r - a potion of curing {unknown}


   Skills:
 + Level 4.5 Fighting
 * Level 6.1 Axes
 + Level 0.5(0.8) Slings
 + Level 0.8(1.0) Throwing
 + Level 3.2 Armour
 + Level 2.4 Dodging
 + Level 1.3 Stealth


You had 6 spell levels left.
You didn't know any spells.
Your spell library was empty.

Dungeon Overview and Level Annotations

Branches:
Dungeon (5/15)
 Temple: D:4-7

Altars:
Ashenzari
Elyvilon
Makhleb
Ru
Trog


Innate Abilities, Weirdness & Mutations

You are immune to sickness and miasma.
Your stone body is resilient. (AC +4)
You are immune to poison.
You resist negative energy. (rN+)
You are resistant to electric shocks. (rElec)
You are resistant to unholy torment.
You are immune to petrification.
You are frail. (-10% HP)
You passively map a small area around you.


Message History

The orc wizard is almost dead.
The orc wizard hits you but does no damage.
You closely miss the orc wizard.
The orc wizard is almost dead.
The orc wizard hits you but does no damage.
The orc warrior hits you from afar with a +0 glaive.
You barely miss the orc wizard.
The orc wizard is almost dead.
The orc wizard casts a spell at you. The puff of flame misses you.
The orc warrior barely misses you.
The orc wizard hits you but does no damage.
You hit the orc wizard.
You kill the orc wizard!
Trog accepts your kill.
Trog appreciates your killing of a magic user.
The orc warrior barely misses you.
The orc hits you with a +0 vorpal hand axe.
You closely miss the orc.
The orc warrior hits you from afar with a +0 glaive.
The orc barely misses you.
The orc warrior hits you from afar with a +0 glaive.
* * * LOW HITPOINT WARNING * * *
You hit the orc.
The orc is moderately wounded.
The orc hits you but does no damage. The orc warrior closely misses you.
You hit the orc.
The orc is heavily wounded.
The orc barely misses you. The orc warrior closely misses you.
An orc wizard comes into view. It is wielding a +0 hand axe.
The orc hits you with a +0 vorpal hand axe.
* * * LOW HITPOINT WARNING * * *
x2 You barely miss the orc.
The orc is heavily wounded.
The orc warrior barely misses you. The orc barely misses you.
The orc warrior hits you but does no damage.
You hit the orc.
You kill the orc!
Trog accepts your kill.
The orc warrior hits you from afar with a +0 glaive!
You die...

####....###.##.# ,
#........##.#
#...#######.#######
#.........#.......#
#####...#####.#......oo
##...........#.#.o#
................oo# ,,
##...........#.#o##
#####.........#@# ,*
#...#######......$#
#...# ######.## #...#
###.#### , *
#......######
#####.#.#.......#
...##.#.#..####.## * *
, , ,
##.##.#..........# , *


You could see an orc warrior, an orc wizard and 2 orcs.

Vanquished Creatures
  Eustachio (D:4)
  Blork the orc (D:4)
  A gnoll shaman (D:4)
  2 centaur skeletons (D:4)
  Jessica (D:2)
  An orc wizard (D:4)
  Ijyb (D:4)
  10 gnolls
  3 adders
  A white imp (D:3)
  An ufetubus (D:4)
  An adder skeleton (D:4)
  2 worms (D:3)
  2 dart slugs (D:2)
  3 orcs (D:4)
  4 endoplasms
  3 giant cockroaches
  4 goblins
  4 hobgoblins
  18 jackals
  7 kobolds
  4 quokkas
  7 ball pythons
  5 bats
  5 frilled lizards
  5 rats
97 creatures vanquished.

Vanquished Creatures (others)
  4 plants (D:3)
4 creatures vanquished.

Grand Total: 101 creatures vanquished

Notes
Turn   | Place    | Note
-------+----------+-------------------------------------------
     0 | D:1      | dracfodder the Gargoyle Berserker began the quest for the
                  | Orb.
     0 | D:1      | Reached XP level 1. HP: 14/14 MP: 1/1
   278 | D:1      | Reached skill level 3 in Axes
   318 | D:1      | Reached XP level 2. HP: 3/19 MP: 2/2
   766 | D:1      | Reached XP level 3. HP: 11/24 MP: 3/3
  1544 | D:2      | Reached ** piety under Trog
  1600 | D:2      | Reached XP level 4. HP: 25/29 MP: 4/4
  2036 | D:2      | Noticed Jessica
  2042 | D:2      | Killed Jessica
  2196 | D:3      | Gained mutation: You are frail. (-10% HP) [potion of
                  | mutation]
  2196 | D:3      | Gained mutation: You passively map a small area around you.
                  | [potion of mutation]
  2209 | D:3      | Reached skill level 4 in Axes
  2209 | D:3      | Reached XP level 5. HP: 29/29 MP: 5/5
  2638 | D:4      | Noticed Blork the orc
  2725 | D:4      | Reached XP level 6. HP: 22/35 MP: 6/6
  2763 | D:4      | Reached skill level 5 in Axes
  3067 | D:3      | Found a white marble altar of Elyvilon.
  3364 | D:4      | Reached skill level 1 in Stealth
  3395 | D:4      | Killed Blork the orc
  3546 | D:4      | Reached *** piety under Trog
  3644 | D:4      | Noticed Eustachio
  3729 | D:4      | Killed Eustachio
  3730 | D:4      | Reached skill level 6 in Axes
  3730 | D:4      | Reached XP level 7. HP: 18/39 MP: 7/7
  3922 | D:5      | Entered Level 5 of the Dungeon
  3959 | D:4      | Found a bloodstained altar of Trog.
  3960 | D:4      | Found a sacrificial altar of Ru.
  3963 | D:4      | Found a burning altar of Makhleb.
  3963 | D:4      | Found a broken altar of Ashenzari.
  4069 | D:4      | Noticed Ijyb
  4077 | D:4      | Killed Ijyb
  4186 | D:4      | Slain by an orc warrior

Illustrated notes

Levels and vault maps discovered:
D:1:      lightli_arrival_chessboard, layout_loops_ring
D:2:      layout_rooms, uniq_jessica
D:3:      layout_loops_corners, nicolae_elyvilon_temple_path,
          minmay_stone_trees_medium, minmay_misc_feat_tiny
D:4:      layout_loops_cross, mainiacjoe_overflow_alcove_3,
          gammafunk_ghost_smash, uniq_blork_the_orc, uniq_ijyb, uniq_eustachio
D:5:      wander_river, layout_basic, mainiacjoe_overflow_catwalk,
          minmay_temple_entry_antechambers, gammafunk_ghost_arena,
          minmay_chambers_of_fives, uniq_sigmund

Skill      XL: |  1  2  3  4  5  6  7 |
---------------+----------------------+-----
Axes           | 3 4 6 |  6.1
Fighting       | 4 |  4.5
Dodging        | 2 |  2.4
Stealth        | 1 |  1.3
Armour         | 3 |  3.2
Slings         | |  0.5
Throwing       | |  0.8

Action                   |  1- 3 |  4- 6 |  7- 9 || total
-------------------------+-------+-------+-------++-------
Melee: Hand axe          |   139 |   246 |     6 ||   391
       Halberd           |       |       |    39 ||    39
 Fire: Hunting sling     |    13 |       |       ||    13
Throw: Dart              |       |    18 |       ||    18
Invok: Berserk           |     1 |     2 |       ||     3
       Trog's Hand       |     1 |     1 |       ||     2
Evoke: Wand              |       |     1 |       ||     1
  Use: Scroll            |     5 |       |       ||     5
       Potion            |     4 |     4 |       ||     8
 Stab: Sleeping          |     1 |     1 |       ||     2
       Paralysed         |       |     1 |       ||     1
Armor: Animal skin       |    50 |    10 |       ||    60
       Leather armour    |       |    56 |       ||    56
       Skin              |       |     8 |       ||     8
       Chain mail        |       |    91 |    37 ||   128
Dodge: Dodged            |   101 |   130 |    25 ||   256

Table legend: (Time is in decaauts)
 A = Elapsed time spent in this place.
 B = Non-inter-level travel time spent in this place.
 C = Inter-level travel time spent in this place.
 D = Time resting spent in this place.
 E = Time spent auto-exploring this place.
 F = Levels seen in this place.
 G = Mean time per level.
                   A        B        C        D        E       F      G
               +--------+--------+--------+--------+--------+-----+--------+
         Total |   4263 |   4202 |     61 |   1021 |   2023 |   5 |  852.6 |
       Dungeon |   4263 |   4202 |     61 |   1021 |   2023 |   5 |  852.6 |
               +--------+--------+--------+--------+--------+-----+--------+

Top non-repeatable levels by time:
     D:1: 1439 daAuts
     D:3: 1134 daAuts
     D:4: 942 daAuts
     D:2: 742 daAuts
     D:5: 4 daAuts
